 Dungeon Crawl Stone Soup version 0.22.0-27-ga576289601 (webtiles) character file.

75 Lerbatov the Cudgeler (level 4, 0/61 HPs)
             Began as a Minotaur Berserker on Aug 21, 2018.
             Was a Believer of Trog.
             Slain by a goblin
             ... wielding a +0 club
             ... led by Robin
              (3 damage)
             ... on level 2 of the Dungeon.
             The game lasted 00:05:44 (1262 turns).

Lerbatov the Cudgeler (Minotaur Berserker)          Turns: 1262, Time: 00:05:45

Health: 0/61       AC:  2    Str: 27    XL:     4   Next: 11%
Magic:  3/3        EV: 12    Int:  4    God:    Trog [**....]
Gold:   112        SH:  0    Dex: 10    Spells: 3/3 levels left

rFire    x . .     SeeInvis .   a - +0 mace
rCold    + . .     Gourm    .   (no shield)
rNeg     . . .     Faith    .   b - +0 animal skin
rPois    .         Spirit   .   (helmet restricted)
rElec    .         Reflect  .   (no cloak)
rCorr    .         Harm     .   (no gloves)
MR       ++...                  (no boots)
Stlth    ..........             (no amulet)
HPRegen  1.20/turn              e - ring of ice
MPRegen  0.08/turn              (no ring)

@: berserking, regenerating, very quick
A: retaliatory headbutt, horns 2
a: Berserk, Trog's Hand, Renounce Religion


You were on level 2 of the Dungeon.
You worshipped Trog.
Trog was pleased with you.
You were not hungry.

You visited 1 branch of the dungeon, and saw 2 of its levels.

You collected 112 gold pieces.

Inventory:

Hand Weapons
 a - a +0 mace (weapon)
 g - a +3 short sword
Armour
 b - a +0 animal skin (worn)
Jewellery
 e - a ring of ice (left hand)
Scrolls
 f - a scroll of identify {unknown}
 i - a scroll of magic mapping {unknown}
 j - 2 scrolls of teleportation {unknown}
Potions
 d - 2 potions of brilliance {unknown}
 h - a potion of haste {unknown}
 k - 2 potions of flight {unknown}
 l - a potion of curing {unknown}
Comestibles
 c - a ration


   Skills:
 + Level 4.4 Fighting
 + Level 4.8 Maces & Flails
 + Level 2.5 Armour
 + Level 2.9 Dodging
 + Level 0.3 Stealth


You had 3 spell levels left.
You didn't know any spells.
Your spell library was empty.

Dungeon Overview and Level Annotations

Branches:
Dungeon (2/15)

Altars:


Innate Abilities, Weirdness & Mutations

You reflexively headbutt those who attack you in melee.
You have a pair of horns on your head.


Message History

You feel resistant to hostile enchantments.
You feel somewhat more hungry. The goblin closely misses you.
The goblin hits you with a club.
* * * LOW HITPOINT WARNING * * *
You miss the goblin. Your headbutt misses the goblin.
The goblin is moderately wounded.
The goblin no longer looks unusually strong.
The goblin barely misses you. The goblin hits you with a club.
* * * LOW HITPOINT WARNING * * *
The goblin hits you with a club.
* * * LOW HITPOINT WARNING * * *
The goblin closely misses you.
A red film seems to cover your vision as you go berserk!
You feel yourself moving faster!
You feel mighty!
You feel quite a bit more hungry.
The goblin hits you but does no damage. x2
You sock the goblin!
You kill the goblin!
Trog accepts your kill. The goblin hits you with a club.
You die...

#...# #...# #...#
##...# #...#
###...# #.....##
#..#...######
#####.##.....)@g#
#...<.....#.###g#
#.###.##..#.# .#
#..#...## .#
#.....## ..
####..# #. #...#
.# ##.## .# .


You could see 2 goblins.

Vanquished Creatures
  Robin (D:2)
  4 dart slugs (D:1)
  A leopard gecko (D:1)
  A ball python (D:1)
  A giant cockroach (D:1)
  12 goblins
  10 hobgoblins
  4 jackals (D:1)
  4 kobolds (D:1)
  4 bats (D:1)
  A frilled lizard (D:1)
  5 rats (D:1)
  A plant (D:1)
49 creatures vanquished.

Notes
Turn   | Place    | Note
-------+----------+-------------------------------------------
     0 | D:1      | Lerbatov the Minotaur Berserker began the quest for the Orb.
     0 | D:1      | Reached XP level 1. HP: 19/19 MP: 0/0
    51 | D:1      | Reached XP level 2. HP: 27/27 MP: 1/1
   380 | D:1      | Reached XP level 3. HP: 33/33 MP: 2/2
   418 | D:1      | Reached ** piety under Trog
  1248 | D:2      | Noticed Robin
  1257 | D:2      | Killed Robin
  1257 | D:2      | Reached XP level 4. HP: 20/41 MP: 3/3
  1260 | D:2      | HP: 1/41 [goblin/club[Robin] (4)]
  1262 | D:2      | Slain by a goblin

Skill      XL: |  1  2 |
---------------+-------+-----
Fighting       | 4 |  4.4
Maces & Flails | 4 |  4.8
Armour         | |  2.5
Dodging        | |  2.9
Stealth        | |  0.3

Action                   |  1- 3 |  4- 6 || total
-------------------------+-------+-------++-------
Melee: Mace              |   112 |     3 ||   115
       Headbutt          |    20 |       ||    20
Invok: Berserk           |     1 |     1 ||     2
       Trog's Hand       |       |     1 ||     1
 Stab: Sleeping          |     1 |       ||     1
  Eat: Ration            |     1 |       ||     1
Armor: Animal skin       |    25 |     1 ||    26
Dodge: Dodged            |    67 |     3 ||    70
